 Dungeon Sprint DCSS version 0.29.1-4-g47bece8355 (webtiles) character file.

Game seed: 12597755880901616436

2720 boopmooplesden the Bludgeoner (level 9, -15/150 HPs)
             Began as a Minotaur Berserker on Dec 5, 2022.
             Was a High Priest of Trog.
             Demolished by a kraken (27 damage)
             ... in the Dungeon (Sprint II: "The Violet Keep of Menkaure").
             The game lasted 00:03:36 (1905 turns).

boopmooplesden the Bludgeoner (Minotaur Berserker)  Turns: 1905, Time: 00:03:37

Health: -15/150    AC: 20    Str: 31    XL:     9   Next: 39%
Magic:  8/8        EV: 12    Int:  7    God:    Trog [*****.]
Gold:   501        SH:  0    Dex: 11    Spells: 8/8 levels left

rFire   . . .      SeeInvis .   l - +10 flail of Dividends {elec, rPois}
rCold   . . .      Faith    .   (no shield)
rNeg    + . .      Spirit   .   j - +10 chain mail "Lidef" {Str+4 Dex+2 Stlth+}
rPois   +          Reflect  .   (helmet restricted)
rElec   .          Harm     .   (no cloak)
rCorr   .          Rampage  .   k - +2 pair of gloves of Midsummer {rN+ Int+3}
Will    .....      NoTele   +   (no boots)
Stlth   ..........              (no amulet)
HPRegen 0.35/turn               (no ring)
MPRegen 0.11/turn               (no ring)

@: berserking (expiring), very quick
A: horns 2, retaliatory headbutt, deformed body
a: Renounce Religion, Berserk, Trog's Hand, Brothers in Arms


You were in the Dungeon.
You worshipped Trog.
Trog was extremely pleased with you.
You visited 1 branch You collected 1264 gold pieces.
You spent 763 gold pieces at shops.

Inventory:

Hand Weapons
 a - a +0 mace
 l - the +10 flail of Dividends (weapon) {elec, rPois}
   (You found it in the Dungeon)

   It occasionally discharges a powerful burst of electricity upon striking a
   foe.
   rPois:     It protects you from poison.
Armour
 b - a +0 animal skin
 i - a +4 plate armour of willpower
 j - the +10 chain mail "Lidef" (worn) {Str+4 Dex+2 Stlth+}
   (You bought it in a shop in the Dungeon)

   Str:       It affects your strength (+4).
   Dex:       It affects your dexterity (+2).
   Stlth:     It makes you more stealthy.
 k - the +2 pair of gloves of Midsummer (worn) {rN+ Int+3}
   (You bought it in a shop in the Dungeon)

   Int:       It affects your intelligence (+3).
   rN:        It protects you from negative energy.
Scrolls
 m - 5 scrolls of identify
Potions
 c - a potion of curing
 d - 2 potions of heal wounds
 e - 6 potions of haste
 f - 5 potions of magic
 g - a potion of berserk rage
 n - 3 potions of resistance
 p - 3 potions of flight
 w - a potion of degeneration


   Skills:
 + Level 15.9 Fighting
 + Level 16.8 Maces & Flails
 + Level 9.7 Armour
 + Level 8.0 Dodging
 + Level 0.1 Stealth


You had 8 spell levels left.
You didn't know any spells.
Your spell library was empty.

Dungeon Overview and Level Annotations

Branches:
Dungeon (1/1)

Altars:
Cheibriados
Dithmenos
Elyvilon
Fedhas
Gozag
Hepliaklqana
Kikubaaqudgha
Makhleb
Nemelex Xobeh
Okawaru
Qazlal
Ru
Sif Muna
Trog
Uskayaw
Vehumet
Wu Jian
Xom
Yredelemnul
Zin
The Shining One
Jiyva
Lugonu

Shops:
D =:[!=[:?(?:!![(

Annotations:
D exclusions: obsidian statue and oklob plant


Innate Abilities, Weirdness & Mutations

You have a pair of horns on your head.
You reflexively headbutt those who attack you in melee.
Armour fits poorly on your strangely shaped body.


Message History

HP restored.
A red film seems to cover your vision as you go berserk!
You feel yourself moving faster!
You feel mighty!
You feel a strong urge to attack something.
The kraken bites you!!
You sock the kraken!
The kraken is lightly wounded.
The kraken bites you!!!
You thump the kraken! Lightning courses through the kraken!
The kraken is lightly wounded.
You hit the kraken but do no damage. Lightning courses through the kraken!
You headbutt the kraken!
The kraken is moderately wounded.
The kraken bites you!!
You hit the kraken but do no damage.
The kraken is moderately wounded.
The kraken bites you but does no damage.
You sock the kraken!
You headbutt the kraken, but do no damage.
The kraken is heavily wounded.
You hit the kraken but do no damage. Lightning courses through the kraken!
The kraken is heavily wounded.
Tentacles burst out of the water! 4 tentacles come into view.
You hit the kraken.
The kraken is heavily wounded.
The kraken bites you!!
* * * LOW HITPOINT WARNING * * *
You bludgeon the kraken!! Lightning courses through the kraken!
You headbutt the kraken!
The kraken is severely wounded.
The tentacle slaps you but does no damage.
The tentacle slaps you.
* * * LOW HITPOINT WARNING * * *
You sock the kraken!
The kraken is severely wounded.
The tentacle slaps you!!
* * * LOW HITPOINT WARNING * * *
The kraken bites you!!
You die...

#|)▓.)..(.((▓▓
.##.#:[▓....)...▓▓
...####▓.).(...(▓▓
#..##.#▓.(.(.)[[▓▓
+.^#..#▓...|(...▓▓
#..#..#▓......:.▓▓
#..##.#▓...)....▓▓
##..)##▓▓▓▓▓▓▓§▓▓▓▓+▓
.~~~~~~~~~~~~§§.@Xw≈▓
.~#'########§###www≈▓
.~#._._._..#§§~##≈≈≈▓
.§#.._._._.#§§≈§####▓
~~#._._._._#~~§~§#
~~#_._._._.#~§~≈§≈#
≈~#._._._..#~~~~§≈+
≈≈#_._._...#§§§~≈~#
§≈#._._....


You could see a kraken and 4 tentacles.

Vanquished Creatures
  A merfolk siren (D)
  A yaktaur (D)
  3 polar bears (D)
  A hornet (D)
  2 wyverns (D)
  4 neqoxecs (D)
  A vampire mosquito (D)
  4 water moccasins (D)
  2 worms (D)
19 creatures vanquished.

Vanquished Creatures (others)
  Menkaure (D)
  A water moccasin (D)
  20 tentacles (D)
22 creatures vanquished.

Grand Total: 41 creatures vanquished

Notes
Turn   | Place    | Note
-------+----------+-------------------------------------------
     0 | D        | boopmooplesden the Minotaur Berserker began the quest for
                  | the Orb.
     0 | D        | Reached XP level 1. HP: 19/19 MP: 0/0
     1 | D        | Noticed a neqoxec
     9 | D        | Killed a neqoxec
    10 | D        | Reached skill level 8 in Maces & Flails
    10 | D        | Reached XP level 2. HP: 35/35 MP: 1/1
    10 | D        | Reached XP level 3. HP: 40/40 MP: 2/2
    10 | D        | Reached XP level 4. HP: 48/48 MP: 3/3
    12 | D        | Noticed a neqoxec
    13 | D        | Noticed a neqoxec
    13 | D        | Noticed a neqoxec
    16 | D        | Killed a neqoxec
    17 | D        | Reached skill level 10 in Maces & Flails
    17 | D        | Reached skill level 5 in Armour
    17 | D        | Reached XP level 5. HP: 53/58 MP: 4/4
    17 | D        | Gained mutation: Armour fits poorly on your strangely
                  | shaped body. [a neqoxec]
    20 | D        | Killed a neqoxec
    20 | D        | Reached ** piety under Trog
    21 | D        | Reached skill level 10 in Fighting
    21 | D        | Reached skill level 11 in Maces & Flails
    21 | D        | Reached skill level 5 in Dodging
    21 | D        | Reached XP level 6. HP: 61/67 MP: 5/5
    28 | D        | Killed a neqoxec
    29 | D        | Reached skill level 12 in Maces & Flails
    35 | D        | Killed Menkaure
   270 | D        | Reached *** piety under Trog
   399 | D        | Killed a water moccasin
   442 | D        | Noticed a merfolk siren
   465 | D        | Killed a merfolk siren
   466 | D        | Reached skill level 13 in Maces & Flails
   466 | D        | Reached XP level 7. HP: 59/78 MP: 6/6
   548 | D        | Noticed a wyvern
   548 | D        | Noticed a wyvern
   555 | D        | Killed a wyvern
   556 | D        | Reached skill level 14 in Maces & Flails
   558 | D        | Killed a wyvern
   559 | D        | Reached XP level 8. HP: 62/86 MP: 7/7
   698 | D        | Found Celu's Book Emporium.
   698 | D        | Found Roliad's Distillery.
   698 | D        | Found Batocherph's Magic Scroll Shoppe.
   698 | D        | Found Ingaru Ydeki's Weapon Emporium.
   698 | D        | Found Guimp's Magic Scroll Shoppe.
   698 | D        | Found Ireitaog's Distillery.
   698 | D        | Found Zouqabam's Armour Shoppe.
   699 | D        | Found Quaqaf's Antique Weapon Emporium.
   699 | D        | Found Homeo's Book Shoppe.
   700 | D        | Found Ukushragg's Antique Armour Shoppe.
   700 | D        | Found Voutaenu's Jewellery Emporium.
   705 | D        | Reached **** piety under Trog
   710 | D        | Found Odoaf's Distillery.
   710 | D        | Found Buleumoi's Antique Armour Shoppe.
   710 | D        | Noticed an iron elemental
   710 | D        | Noticed an oklob plant
   711 | D        | Found Vosues's Jewellery Shoppe.
   711 | D        | Found Foog's Book Shoppe.
   712 | D        | Noticed a manticore
   713 | D        | Noticed a manticore
   722 | D        | Bought a +2 plate armour of willpower for 440 gold pieces
   737 | D        | Bought a bloodstained chain mail for 152 gold pieces
   737 | D        | Identified the +10 chain mail "Lidef" {Str+4 Dex+2 Stlth+}
                  | (You bought it in a shop in the Dungeon)
   750 | D        | Bought a pair of fading gloves for 171 gold pieces
   750 | D        | Identified the +2 pair of gloves of Midsummer {rN+ Int+3}
                  | (You bought it in a shop in the Dungeon)
   758 | D        | Noticed a manticore
   808 | D        | Found a glowing silver altar of Zin.
   809 | D        | Found a glowing golden altar of the Shining One.
   809 | D        | Found a basalt altar of Yredelemnul.
   809 | D        | Found a hide-covered altar of Uskayaw.
   810 | D        | Found a shimmering altar of Xom.
   810 | D        | Found a bloodstained altar of Trog.
   811 | D        | Found an ornate altar of the Wu Jian Council.
   811 | D        | Found a shimmering blue altar of Sif Muna.
   811 | D        | Found a corrupted altar of Lugonu.
   811 | D        | Found a radiant altar of Vehumet.
   811 | D        | Found a burning altar of Makhleb.
   812 | D        | Found a sacrificial altar of Ru.
   812 | D        | Found an ancient bone altar of Kikubaaqudgha.
   812 | D        | Found a white marble altar of Elyvilon.
   813 | D        | Found a stormy altar of Qazlal.
   813 | D        | Found a viscous altar of Jiyva.
   813 | D        | Found a shadowy altar of Dithmenos.
   814 | D        | Found a hazy altar of Hepliaklqana.
   814 | D        | Found a snail-covered altar of Cheibriados.
   815 | D        | Noticed a polar bear
   815 | D        | Noticed a polar bear
   817 | D        | Found a sparkling altar of Nemelex Xobeh.
   817 | D        | Found a blossoming altar of Fedhas.
   817 | D        | Noticed a polar bear
   817 | D        | Noticed a hornet
   817 | D        | Noticed a yaktaur
   820 | D        | Paralysed by a hornet for 3 turns
   828 | D        | Killed a hornet
   829 | D        | Reached skill level 15 in Maces & Flails
   834 | D        | Killed a yaktaur
   838 | D        | Killed a polar bear
   839 | D        | Reached skill level 15 in Fighting
   839 | D        | Reached XP level 9. HP: 84/97 MP: 8/8
   845 | D        | Killed a polar bear
   845 | D        | Reached ***** piety under Trog
   846 | D        | Reached skill level 16 in Maces & Flails
   848 | D        | Killed a polar bear
  1055 | D        | Noticed a kraken
  1189 | D        | Found the +8 storm bow {elec, penet}
  1496 | D        | Found an iron altar of Okawaru.
  1502 | D        | Noticed an obsidian statue
  1508 | D        | Identified the +10 flail of Dividends {elec, rPois}
  1522 | D        | Found an opulent altar of Gozag.
  1905 | D        | Demolished by a kraken

Illustrated notes

Levels and vault maps discovered:
D:        the_violet_keep_of_menkaure [sprint2_stairs_cluster_1,
          sprint2_shoproom, sprint2_temple, sprint2_basic_supplies,
          sprint2_obstacle_6, sprint2_obstacle_3, sprint2_obstacle_4,
          sprint2_obstacle_2, sprint2_obstacle_7, sprint2_timed_cluster_1,
          sprint2_smallroom_cluster_1, sprint2_smallroom_final_cluster_1,
          sprint2_transparent_cluster_1, sprint2_second_timed_cluster_1,
          sprint2_sniper_area_1, sprint2_heavy_combat_area_1,
          sprint2_mutation_trap_area_1, sprint2_forest_area_1,
          sprint2_light_combat_area_1, sprint2_behind_water_1,
          sprint2_near_end_vault_1]

Skill      XL: |  1  2  3  4  5  6  7  8  9 |
---------------+----------------------------+-----
Fighting       | 8 9 10 12 13 15 | 15.9
Maces & Flails | 8 10 11 13 14 15 16 | 16.8
Armour         | 4 5 6 8 9 |  9.7
Dodging        | 3 4 5 6 7 8 |  8.0
Stealth        | |  0.1

Action                   |  1- 3 |  4- 6 |  7- 9 || total
-------------------------+-------+-------+-------++-------
Melee: Mace              |     5 |    42 |    86 ||   133
       Headbutt          |       |     7 |    17 ||    24
       Flail             |       |       |    13 ||    13
       Punch             |       |       |     1 ||     1
Invok: Berserk           |     1 |       |     4 ||     5
  Use: Scroll            |       |       |    13 ||    13
       Potion            |       |       |     1 ||     1
Armor: Chain mail        |       |       |    94 ||    94
Dodge: Dodged            |     2 |     6 |    52 ||    60
